 Dungeon Crawl Stone Soup version 0.31-a0-549-gf98fd537a9 (webtiles) character file.

Game seed: 11518603265364478761

742 Morbidden the Conjurer (level 7, -1/56 HPs)
             Began as a White Draconian Conjurer on Aug 16, 2023.
             Succumbed to a gnoll's poison
             ... on level 5 of the Dungeon.
             The game lasted 00:04:11 (4984 turns).

Morbidden the Conjurer (White Draconian Conjurer)   Turns: 4984, Time: 00:04:12

Health: -1/56      AC: 11    Str:  9    XL:     7   Next: 47%
Magic:  9/13       EV: 12    Int: 20    God:
Gold:   295        SH:  0    Dex: 10    Spells: 11/14 levels left

rFire   . . .        a - +2 Maxwell's thermic engine {flame, freeze, rev}
rCold   + . .        (no shield)
rNeg    . . .        (body armour unavailable)
rPois   .            (helmet restricted)
rElec   .            (no cloak)
rCorr   .            (no gloves)
SInv    .            i - +0 pair of boots
Will    .....        (no amulet)
Stlth   ++           m - ring of wizardry
HPRegen 0.29/turn    x - +4 ring of protection
MPRegen 0.13/turn

%: wizardry (x1)
@: lethally poisoned (-1 -> -49), weakened
A: breathe frost, AC +6, unfitting armour, cold resistance 1, cold-blooded
a: Breathe Frost


You were on level 5 of the Dungeon.
You visited 1 branch of the dungeon, and saw 5 of its levels.

You collected 295 gold pieces.

Inventory:

Hand Weapons
 a - the +2 Maxwell's thermic engine (weapon) {flame, freeze, rev}
   (You found it on level 5 of the Dungeon)
Missiles
 y - 2 throwing nets
Armour
 i - a +0 pair of boots (worn)
Jewellery
 l - a ring of ice
 m - a ring of wizardry (left hand)
 t - a ring of flight
 w - a ring of ice
 x - a +4 ring of protection (right hand)
Talismans
 k - a storm talisman
Scrolls
 d - 5 scrolls of identify {unknown}
 e - 2 scrolls of immolation {unknown}
 g - a scroll of amnesia {unknown}
 o - a scroll of enchant armour {unknown}
 q - 4 scrolls of poison {unknown}
 r - a scroll of vulnerability {unknown}
 v - a scroll of noise {unknown}
Potions
 b - a potion of brilliance {unknown}
 c - a potion of enlightenment {unknown}
 f - a potion of magic
 h - a potion of invisibility {unknown}
 j - 4 potions of curing {unknown}
 n - 2 potions of lignification {unknown}
 p - 2 potions of resistance {unknown}
 s - 2 potions of attraction {unknown}
 u - a potion of cancellation {unknown}


   Skills:
 * Level 2.5 Fighting
 + Level 0.8(1.5) Short Blades
 * Level 2.1(2.2) Long Blades
 * Level 3.1 Dodging
 + Level 2.1 Stealth
 + Level 1.4 Unarmed Combat
 * Level 4.0 Spellcasting
 * Level 6.0 Conjurations
 * Level 1.5 Shapeshifting


You had 11 spell levels left.
You knew the following spells:

 Your Spells              Type           Power      Damage    Failure   Level
a - Magic Dart            Conj           100%       1d8       1%          1
b - Searing Ray           Conj           56%        2d6       1%          2

Your spell library contained the following spells:

 Spells                   Type           Power      Damage    Failure   Level
 Shock                    Conj/Air       64%        1d7       1%          1
 Dazzling Flash           Conj/Hex       32%        N/A       4%          3
 Swiftness                Air            4%         N/A       16%         3
 Fulminant Prism          Conj/Hex       8%         3d6       16%         4
 Iskenderun's Mystic Bla  Conj/Tloc      16%        2d5       16%         4
 Airstrike                Air            2%         2d(1-17)  43%         4


Dungeon Overview and Level Annotations

Branches:
Dungeon (5/15)
 Temple: D:4-7

Altars:
Fedhas
Yredelemnul


Innate Abilities, Weirdness & Mutations

You can breathe waves of freezing cold which knock back foes.
Your icy white scales are hard. (AC +6)
You cannot fit into any form of body armour.
Your flesh is cold resistant. (rC+)
You are cold-blooded and may be slowed by cold attacks.


Message History

The gnoll bouda closely misses you.
The gnoll hits you from afar with a +2 spear of venom.
You are more poisoned.
You completely miss the gnoll bouda.
The gnoll bouda is lightly wounded.
You feel extremely sick. The gnoll hits you with a +0 club.
The gnoll barely misses you.
The gnoll bouda barks out a call to the hunt!
The gnolls pick up the pace!
The gnoll hits you from afar with a +2 spear of venom.
You are lethally poisoned!
The gnoll closely misses you. x2
Unknown command.
Press: ? - help, v - describe, . - travel
Here: a gnoll, wielding a +2 spear of venom and quivering a throwing net (covering ground quickly)
An open door.
Casting: Magic Dart (safe; 1% risk of failure)
Confirm with . or Enter, or press ? or * to list all spells.
Aiming: Searing Ray (safe; 1% risk of failure)
Press: ? - help, Shift-Dir - straight line, p - gnoll The searing ray hits the gnoll.
The gnoll is heavily wounded.
The searing ray hits the gnoll.
The gnoll is heavily wounded. (Press . to maintain the ray.)
You feel extremely sick.
The gnoll bouda gazes fiercely through you!
You feel your attacks grow feeble. The gnoll bouda completely misses you.
The gnoll hits you from afar with a +2 spear of venom!
* * * LOW HITPOINT WARNING * * *
You are more poisoned.
The gnoll hits you but does no damage. x2
Unknown command.
Unknown command.
The searing ray hits the gnoll!
You kill the gnoll!
The searing ray hits the gnoll!
You kill the gnoll!
You die... ...####'####### ..... ...#..........# ..... ...#..........# .g. ...#.....##...# ggg

..##
...#.....#########g##....#
...#......#.........#....#
...'......#.........#....#
...#########'#####)##....##
................@)........#
................gg........#
..........................#
....[.....................#
...####'##................#
...#.....#############....#
.<.#............... #....#
...'.............. #....#
...#..##.###..##.#####....#


You could see a gnoll bouda and a gnoll (swift).

Vanquished Creatures
  A water moccasin (D:5)
  A black bear (D:4)
  An ogre (D:5)
  2 phantoms
  A howler monkey (D:5)
  An orc priest (D:2)
  A gnoll bouda (D:3)
  9 gnolls
  7 adders
  A worm (D:2)
  2 dart slugs
  8 orcs
  8 ball pythons
  6 endoplasms
  5 giant cockroaches
  6 goblins
  5 hobgoblins
  2 jackals (D:5)
  4 quokkas
  4 bats
  3 frilled lizards
  11 kobolds
  4 rats
93 creatures vanquished.

Notes
Turn   | Place    | Note
-------+----------+-------------------------------------------
     0 | D:1      | Morbidden the Draconian Conjurer began the quest for the
                  | Orb.
     0 | D:1      | Reached XP level 1. HP: 14/14 MP: 3/3
   303 | D:1      | Reached XP level 2. HP: 20/20 MP: 1/5
   502 | D:1      | Learned a level 2 spell: Searing Ray
   504 | D:1      | Found a faded altar of an unknown god.
  1282 | D:2      | Reached XP level 3. HP: 27/27 MP: 2/6
  1483 | D:2      | Reached skill level 1 in Fighting
  1517 | D:2      | Reached XP level 4. HP: 24/35 MP: 0/7
  1970 | D:2      | Reached skill level 5 in Conjurations
  3361 | D:3      | Found a blossoming altar of Fedhas.
  3446 | D:4      | Noticed a black bear
  3456 | D:4      | Killed a black bear
  3457 | D:4      | Reached skill level 1 in Unarmed Combat
  3457 | D:4      | Reached XP level 5. HP: 13/40 MP: 1/9
  3680 | D:4      | Reached XP level 6. HP: 47/47 MP: 11/11
  4239 | D:4      | Found a basalt altar of Yredelemnul.
  4348 | D:5      | Entered Level 5 of the Dungeon
  4373 | D:5      | Found the +2 Maxwell's thermic engine {flame, freeze, rev}
  4430 | D:5      | Noticed a water moccasin
  4437 | D:5      | Killed a water moccasin
  4438 | D:5      | Reached skill level 1 in Shapeshifting
  4493 | D:5      | Your scales start taking on an icy white colour.
  4493 | D:5      | Reached XP level 7. HP: 55/55 MP: 12/12
  4493 | D:5      | Gained mutation: Your flesh is cold resistant. (rC+) [White
                  | Draconian growth]
  4593 | D:5      | Reached skill level 1 in Long Blades
  4852 | D:5      | Reached skill level 6 in Conjurations
  4984 | D:5      | Succumbed to a gnoll's poison

Illustrated notes

Levels and vault maps discovered:
D:1:      spicycebolla_arrival_xxxplode, layout_loops_ring,
          ebering_ecumenical_altar_mist
D:2:      cheibrodos_pilgrimage, layout_rooms, serial_curves, eino_curves_03,
          eino_curves_02, eino_curves_01, eino_curves_02
D:3:      layout_basic, fedhas_altar_fruit_tree,
          minmay_fractal_squares_gapless_5
D:4:      layout_cave_pools, kennysheep_mini_moat, minmay_misc_feat_pillars
D:5:      layout_gridville

Skill      XL: |  1  2  3  4  5  6  7 |
---------------+----------------------+-----
Dodging        | 2 3 |  3.1
Fighting       | 1 2 |  2.5
Conjurations   | 5 6 |  6.0
Stealth        | 2 |  2.1
Unarmed Combat | 1 |  1.4
Spellcasting   | 3 4 |  4.0
Shapeshifting  | 1 |  1.5
Long Blades    | 2 |  2.1
Short Blades   | |  0.8

Action                     |  1- 3 |  4- 6 |  7- 9 || total
---------------------------+-------+-------+-------++-------
  Melee: Unarmed           |     4 |       |       ||     4
         Tailslap          |     1 |     4 |     3 ||     8
         Dagger            |    10 |       |       ||    10
         Short sword       |       |    43 |       ||    43
         Double sword      |       |    13 |    45 ||    58
   Cast: Magic Dart        |    53 |   100 |     3 ||   156
         Searing Ray       |     1 |     1 |     1 ||     3
Ability: Breathe Frost     |       |       |     1 ||     1
   Stab: Sleeping          |       |       |     1 ||     1
 Armour: Skin              |     7 |    19 |    22 ||    48
  Dodge: Dodged            |    16 |    38 |    40 ||    94

Table legend: (Time is in decaauts)
 A = Elapsed time spent in this place.
 B = Non-inter-level travel time spent in this place.
 C = Inter-level travel time spent in this place.
 D = Time resting spent in this place.
 E = Time spent auto-exploring this place.
 F = Levels seen in this place.
 G = Mean time per level.
                   A        B        C        D        E       F      G
               +--------+--------+--------+--------+--------+-----+--------+
         Total |   5002 |   4856 |    146 |    328 |   3882 |   5 | 1000.4 |
       Dungeon |   5002 |   4856 |    146 |    328 |   3882 |   5 | 1000.4 |
               +--------+--------+--------+--------+--------+-----+--------+

Top non-repeatable levels by time:
     D:1: 1250 daAuts
     D:2: 1217 daAuts
     D:3: 1150 daAuts
     D:4: 725 daAuts
     D:5: 659 daAuts
